 Seeded DCSS version 0.28-a0-1382-g92835e5c71 (webtiles) character file.

Game seed: 12219887455895637472 (custom seed)

1001 wilfster70 the Summoner (level 8, -4/31 HPs)
             Began as a Felid Summoner on Jan 1, 2022.
             Slain by a wyvern (8 damage)
             ... on level 7 of the Dungeon.
             The game lasted 00:28:44 (6838 turns).

wilfster70 the Summoner (Felid Summoner)            Turns: 6838, Time: 00:28:44

Health: -4/31      AC:  2    Str:  4    XL:     8   Next: 0%
Magic:  13/14      EV: 17    Int: 19    God:
Gold:   149        SH:  0    Dex: 16    Spells: 2/14 levels left
                                        Lives:  0   Deaths: 2

rFire   . . .      SeeInvis +   (weapon unavailable)
rCold   . . .      Faith    .   (shield unavailable)
rNeg    . . .      Spirit   .   (armour unavailable)
rPois   .          Reflect  .   (helmet unavailable)
rElec   .          Harm     .   (cloak unavailable)
rCorr   .          Rampage  .   (gloves unavailable)
Will    ++...                   (boots unavailable)
Stlth   ++........              (no amulet)
HPRegen 0.10/turn               j - ring of willpower
MPRegen 0.14/turn               (no ring)

@: quick
A: very small, claws 1, fangs 3, see invisible, speed 1, shaggy fur 2, stealthy
paws, no weapons or thrown items, no armour, multi-lived
a: no special abilities


You were on level 7 of the Dungeon.
You visited 1 branch of the dungeon, and saw 7 of its levels.

You collected 149 gold pieces.

Inventory:

Jewellery
 d - a ring of ice
 j - a ring of willpower (left paw)
 k - a ring of wizardry
Wands
 i - a wand of acid (19)
Scrolls
 a - a scroll of teleportation {unknown}
 e - a scroll of magic mapping
 f - 4 scrolls of enchant armour {unknown}
 g - a scroll of silence {unknown}
 l - a scroll of immolation {unknown}
Potions
 b - a potion of brilliance
 c - 2 potions of lignification
 h - 2 potions of curing
 m - a potion of flight {unknown}


   Skills:
 - Level 2.6 Dodging
 - Level 2.6 Stealth
 - Level 3.8 Spellcasting
 - Level 5.0 Hexes
 + Level 9.2 Summonings
 + Level 5.5 Air Magic


You had 2 spell levels left.
You knew the following spells:

 Your Spells              Type           Power      Damage    Failure   Level
a - Summon Lightning Spi  Summ/Air       31%        N/A       7%          4
b - Call Imp              Summ           38%        N/A       1%          2
c - Call Canine Familiar  Summ           38%        N/A       1%          3
d - Summon Guardian Gole  Hex/Summ       30%        N/A       2%          3

Your spell library contained the following spells:

 Spells                   Type           Power      Damage    Failure   Level
 Summon Small Mammal      Summ           100%       N/A       1%          1
 Blink                    Tloc           6%         N/A       22%         2
 Gell's Gravitas          Tloc           3%         N/A       38%         3
 Lesser Beckoning         Tloc           3%         N/A       38%         3
 Teleport Other           Tloc           3%         N/A       38%         3
 Manifold Assault         Tloc           3%         N/A       98%         5
 Storm Form               Tmut/Air       7%         N/A       100%        7
 Maxwell's Capacitive Co  Air            12%        ∞         100%        8


Dungeon Overview and Level Annotations

Branches:
Dungeon (7/15)
 Temple: D:4-7

Altars:
Fedhas
Makhleb
Wu Jian
Yredelemnul

Annotations:
D:4 Grinder, Natasha
D:7 3 runed translucent doors, Noname's ghost, novice DjAE


Innate Abilities, Weirdness & Mutations

You have sharp claws.
You have razor-sharp teeth.
You have supernaturally acute eyesight. (SInv)
You cover ground quickly. (Speed+)
You are covered in thick fur. (AC +2)
Your paws help you pounce on unaware monsters.
You are incapable of wielding weapons or throwing items.
You cannot wear armour.
You gain extra lives every three experience levels.


Message History

Attack!
The centaur shoots an arrow.
The arrow hits your guardian golem.
Your guardian golem overheats!
The centaur shoots an arrow.
The arrow hits you.
The centaur shoots an arrow.
The arrow hits your guardian golem. Flame seeps out of your guardian golem.
Your guardian golem is engulfed in blazing flames.
Flame seeps out of your guardian golem.
The centaur shoots an arrow.
The arrow hits you.
The centaur shoots an arrow.
The arrow hits you!
* * * LOW HITPOINT WARNING * * *
The gnoll hits your guardian golem with a +0 club.
Flame seeps out of your guardian golem.
Your guardian golem is engulfed in blazing flames.
Flame seeps out of your guardian golem.
The centaur shoots an arrow.
The arrow hits you.
* * * LOW HITPOINT WARNING * * *
A wight comes into view. It is wielding a +0 hand axe.
A wight comes into view. It is wielding a +0 mace.
The wight moves out of view.
A wight comes into view.
It is wielding a +4 falchion of freezing.
You see here a ring of wizardry.
k - a ring of wizardry Something hits your guardian golem but does no damage.
Something kicks your guardian golem but does no damage.
A wyvern comes into view.
The centaur wields a +0 shortbow.
The centaur shoots an arrow.
The arrow hits your guardian golem! Flame seeps out of your guardian golem.
The centaur shoots an arrow.
The arrow hits your guardian golem.
Your guardian golem disappears in a puff of smoke!
Your guardian golem explodes!
The fiery explosion engulfs the centaur!!
The centaur dies!
The fiery explosion engulfs the gnoll!!
The gnoll dies!
The fiery explosion engulfs the gnoll!!
The gnoll dies!
Welcome back to level 8!
The wyvern closely misses you. The wyvern bites you!
You die...

#..##.#.####.§...#...#...
#.. ..#....§§§.#.#...#...
..# ..##gz......#.#
..#... . #..#
#........#.# #.#.
...###.....!..# #.#.
.#............# #...
........####### #...
.......l###### #...
.......@.....# #...
###..........# #...
#..........# #...
.............#### #..)
....#.>.........# #.○.
....#...........#####.##
... #...........9...c)#
## #................>#
########........#)##


You could see a wyvern, a wight and a gnoll.

Vanquished Creatures
  A centaur skeleton (D:7)
  An endoplasm (D:3)
  2 hobgoblins
  A quokka (D:3)
  5 bats
  3 frilled lizards
  2 rats (D:3)
15 creatures vanquished.

Vanquished Creatures (collateral kills)
  A water moccasin (D:7)
  A sky beast (D:7)
  A black bear (D:5)
  2 centaurs (D:6)
  A bullfrog (D:6)
  2 scorpions
  A jelly (D:5)
  A hound (D:5)
  3 orc wizards
  2 iguanas
  A hound skeleton (D:5)
  9 adders
  A white imp (D:5)
  2 ufetubi (D:6)
  3 dart slugs
  13 orcs
  6 ball pythons
  9 endoplasms
  A giant cockroach (D:1)
  4 goblins
  6 hobgoblins
  2 quokkas (D:1)
  2 bats
  3 frilled lizards (D:1)
  6 kobolds
  2 rats (D:1)
85 creatures vanquished.

Vanquished Creatures (others)
  Edmund (D:6)
  A water moccasin (D:5)
  An ice beast (D:6)
  A black bear (D:6)
  3 centaurs
  A gnoll sergeant (D:7)
  A scorpion (D:5)
  A bullfrog skeleton (D:6)
  3 gnolls (D:7)
13 creatures vanquished.

Grand Total: 113 creatures vanquished

Notes
Turn   | Place    | Note
-------+----------+-------------------------------------------
     0 | D:1      | wilfster70 the Felid Summoner began the quest for the Orb.
     0 | D:1      | Reached XP level 1. HP: 7/7 MP: 4/4
   191 | D:1      | Reached XP level 2. HP: 11/11 MP: 4/6
   194 | D:1      | Learned a level 2 spell: Call Imp
   643 | D:1      | Found a faded altar of an unknown god.
   785 | D:1      | Reached XP level 3. HP: 14/14 MP: 5/8
   789 | D:1      | Learned a level 3 spell: Call Canine Familiar
  1755 | D:2      | Reached XP level 4. HP: 18/18 MP: 3/9
  1759 | D:2      | Learned a level 3 spell: Summon Guardian Golem
  2185 | D:2      | Reached skill level 1 in Hexes
  2185 | D:2      | Reached skill level 5 in Summonings
  2412 | D:3      | Found a burning altar of Makhleb.
  3039 | D:3      | Reached XP level 5. HP: 21/21 MP: 3/10
  3381 | D:3      | Found a basalt altar of Yredelemnul.
  3600 | D:4      | Noticed Natasha
  3600 | D:4      | Noticed a lemure
  3600 | D:4      | Noticed a lemure
  3619 | D:4      | Noticed Grinder
  3645 | D:5      | Entered Level 5 of the Dungeon
  3668 | D:5      | Noticed a water moccasin
  3711 | D:5      | Killed a water moccasin
  3712 | D:5      | Gained mutation: You are covered in thick fur. (AC +2)
                  | [Felid growth]
  3712 | D:5      | Reached XP level 6. HP: 24/24 MP: 6/11
  3878 | D:5      | Reached skill level 5 in Hexes
  3878 | D:5      | Reached skill level 6 in Summonings
  4478 | D:5      | Reached XP level 7. HP: 27/27 MP: 6/13
  4483 | D:5      | Learned a level 4 spell: Summon Lightning Spire
  4743 | D:5      | Found an ornate altar of the Wu Jian Council.
  4756 | D:5      | Reached skill level 1 in Air Magic
  5165 | D:6      | Reached skill level 7 in Summonings
  5505 | D:6      | Noticed Edmund
  5536 | D:6      | Killed Edmund
  5537 | D:6      | Reached XP level 8. HP: 31/31 MP: 11/14
  5686 | D:6      | Reached skill level 8 in Summonings
  5695 | D:6      | Found a blossoming altar of Fedhas.
  5924 | D:6      | HP: 1/31 [centaur/arrow (5)]
  5926 | D:6      | Shot with an arrow by a centaur
  5927 | D:6      | Reached XP level 7. HP: -15/27 MP: 11/13
  6139 | D:6      | Shot with an arrow by a centaur
  6140 | D:6      | Reached XP level 6. HP: -3/24 MP: 3/12
  6435 | D:7      | Reached XP level 7. HP: 22/27 MP: 1/13
  6760 | D:7      | Found a runed translucent gate.
  6760 | D:7      | Found a runed translucent gate.
  6760 | D:7      | Found a runed translucent gate.
  6760 | D:7      | Noticed Noname's ghost (novice DjAE)
  6761 | D:7      | Found the +5 sword of Power {vorpal}
  6801 | D:7      | Reached skill level 9 in Summonings
  6801 | D:7      | Reached skill level 5 in Air Magic
  6834 | D:7      | Noticed a wyvern
  6836 | D:7      | Reached XP level 8. HP: 4/31 MP: 12/14
  6838 | D:7      | Slain by a wyvern

Illustrated notes

Levels and vault maps discovered:
D:1:      mushboom_english_gardens, layout_loops_ring, serial_aquarium,
          aquarium_bridge_island_small [aquarium_subvault_small_open,
          aquarium_subvault_wall, aquarium_subvault_bridge,
          aquarium_subvault_bridge, aquarium_subvault_wall],
          aquarium_window_fake, aquarium_window_1, aquarium_window_2,
          aquarium_view_2f, aquarium_view_2f, aquarium_pool_2,
          nicolae_ecumenical_lake_church
D:2:      layout_rooms, kennysheep_generic_room_3
D:3:      layout_loops_ring, bloody_makhleb, lemuel_round_altar
D:4:      layout_rooms, mainiacjoe_overflow_surrounded_room, uniq_menkaure,
          uniq_natasha, uniq_grinder, uniq_pikel
D:5:      layout_loops_ring, mainiacjoe_overflow_alcove_1
D:6:      layout_rooms, fedhas_bush_and_centaur_altar, uniq_edmund
D:7:      layout_basic, lemuel_blue_sif_altar, minmay_temple_entry_waves,
          gammafunk_ghost_necromancy

Skill      XL: |  1  2  3  4  5  6  7  8 |
---------------+-------------------------+-----
Spellcasting   | 3 |  3.8
Hexes          | 2 4 5 |  5.0
Summonings     | 5 6 9 8 |  9.2
Air Magic      | 4 5 |  5.5
Dodging        | |  2.6
Stealth        | |  2.6

Action                   |  1- 3 |  4- 6 |  7- 9 || total
-------------------------+-------+-------+-------++-------
Melee: Unarmed           |    23 |    23 |     5 ||    51
       Bite              |     3 |       |       ||     3
 Cast: Summon Small Mamm |    11 |     2 |       ||    13
       Call Imp          |    19 |    11 |     6 ||    36
       Call Canine Famil |     3 |    23 |    13 ||    39
       Summon Guardian G |       |     9 |    11 ||    20
       Summon Lightning  |       |       |     1 ||     1
  Use: Scroll            |       |     2 |     4 ||     6
 Stab: Sleeping          |     1 |     1 |       ||     2
       Distracted        |       |     2 |       ||     2
Armor: Skin              |    10 |     1 |     3 ||    14
Dodge: Dodged            |    48 |    36 |    20 ||   104

Table legend: (Time is in decaauts)
 A = Elapsed time spent in this place.
 B = Non-inter-level travel time spent in this place.
 C = Inter-level travel time spent in this place.
 D = Time resting spent in this place.
 E = Time spent auto-exploring this place.
 F = Levels seen in this place.
 G = Mean time per level.
                   A        B        C        D        E       F      G
               +--------+--------+--------+--------+--------+-----+--------+
         Total |   6052 |   5888 |    164 |   1614 |   2248 |   7 |  864.6 |
       Dungeon |   6052 |   5888 |    164 |   1614 |   2248 |   7 |  864.6 |
               +--------+--------+--------+--------+--------+-----+--------+

Top non-repeatable levels by time:
     D:5: 1508 daAuts
     D:3: 1171 daAuts
     D:1: 1153 daAuts
     D:2: 892 daAuts
     D:6: 781 daAuts
     D:7: 535 daAuts
     D:4: 9 daAuts
